 Dungeon Crawl Stone Soup version 0.20.1-1-g8b1a95d (webtiles) character file.

5929 tidbits the Martial Artist (level 10, 0/78 HPs)
             Began as a Demigod Transmuter on Aug 19, 2017.
             Slain by a two-headed ogre
             ... wielding a +0 giant club
              (32 damage)
             ... on level 11 of the Dungeon.
             The game lasted 00:44:33 (4977 turns).

tidbits the Martial Artist (Demigod Transmuter)     Turns: 4977, Time: 00:44:34

Health: 0/78       AC: 11    Str: 13    XL:     10   Next: 29%
Magic:  6/20       EV: 15    Int: 25    God:
Gold:   328        SH:  0    Dex: 18    Spells: 7/18 levels left

rFire    + . .     SeeInvis .     - Unarmed
rCold    . . .     Gourm    .   (shield currently unavailable)
rNeg     . . .     Faith    .   S - +1 robe {rF+}
rPois    .         Spirit   .   E - +2 helmet
rElec    .         Reflect  .   C - +2 cloak
rCorr    .         Harm     .   (gloves currently unavailable)
MR       +....                  F - +1 pair of boots
Stlth    ++........             (no amulet)
Regen    0.3/turn               Q - ring of wizardry
MPRegen  0.2/turn               z - +4 ring of intelligence

@: blade hands
A: high mp 1
a: End Transformation


You were on level 11 of the Dungeon.
You were not hungry.
You had blades for hands.
You visited 1 branch of the dungeon, and saw 11 of its levels.
You also visited: Sewer.

You collected 328 gold pieces.

Inventory:

Hand Weapons
 a - a +5 dagger of electrocution (melded)
   (You took it off a goblin on level 3 of the Dungeon)
Missiles
 g - 3 tomahawks of returning (quivered)
 p - 176 arrows
 u - 11 tomahawks
Armour
 y - the +2 leather armour of Day {rElec rPois rC+ MR-}
   (You found it on level 5 of the Dungeon)

   It protects you from cold.
   It insulates you from electricity.
   It protects you from poison.
   It affects your resistance to hostile enchantments.
 B - a +0 robe
 C - a +2 cloak (worn)
 E - a +2 helmet (worn)
 F - a +1 pair of boots (worn)
 G - a +0 pair of gloves (melded)
 S - a +1 robe of fire resistance (worn)
   (You took it off an orc wizard on level 9 of the Dungeon)
Magical Staves
 P - an uncursed staff of poison
   (You found it on level 8 of the Dungeon)
Jewellery
 q - an uncursed ring of stealth
   (You took it off a goblin on level 3 of the Dungeon)
 w - an uncursed ring of positive energy
   (You found it on level 5 of the Dungeon)
 z - a +4 ring of intelligence (right scythe-like blade)
   (You found it on level 4 of the Dungeon)
 Q - a ring of wizardry (left scythe-like blade)
   (You found it on level 8 of the Dungeon)
Wands
 h - a wand of enslavement (15/24)
 l - a wand of polymorph (12/24)
 x - a wand of acid (6/15)
 J - a wand of lightning (5/15)
 L - a wand of paralysis (13/24)
Scrolls
 b - 4 scrolls of remove curse
 e - a scroll of fog
 j - 2 scrolls of blinking
 k - 4 scrolls of fear
 o - a scroll of enchant weapon
 r - a scroll of immolation {unknown}
 s - a scroll of enchant armour
 A - a scroll of recharging {unknown}
 I - 2 scrolls of magic mapping {unknown}
 N - a scroll of noise {unknown}
 O - a scroll of silence {unknown}
Potions
 i - a potion of magic {unknown}
 m - 2 potions of flight
 n - 2 potions of brilliance
 t - 2 potions of curing
 D - a potion of haste
 H - 2 potions of might {unknown}
 K - a potion of heal wounds {unknown}
Books
 c - a book of Changes

   Spells                             Type                      Level
   a - Beastly Appendage              Transmutation                1
   b - Sticks to Snakes               Transmutation                2
   c - Spider Form                    Transmutation/Poison         3
   d - Ice Form                       Ice/Transmutation            4
   e - Blade Hands                    Transmutation                5
 M - a Young Poisoner's Handbook
   (You found it on level 7 of the Dungeon)

   Spells                             Type                      Level
   a - Sting                          Conjuration/Poison           1
   b - Poisonous Vapours              Poison/Air                   2
   c - Mephitic Cloud                 Conjuration/Poison/Air       3
   d - Olgreb's Toxic Radiance        Poison                       4
   e - Venom Bolt                     Conjuration/Poison           5
Comestibles
 d - 6 bread rations
 f - 4 meat rations
 v - 3 royal jellies
 R - 12 chunks of flesh


   Skills:
 - Level 3.8 Fighting
 - Level 4.2 Dodging
 - Level 10.0 Unarmed Combat
 + Level 4.7 Spellcasting
 - Level 8.4 Transmutations


You had 7 spell levels left.
You knew the following spells:

 Your Spells              Type           Power        Failure   Level  Hunger
e - Beastly Appendage     Tmut           #####.       4%          1    None
h - Blade Hands           Tmut           #####.....   17%         5    #####..
k - Sticks to Snakes      Tmut           #####...     4%          2    None
p - Spider Form           Tmut/Pois      ####......   13%         3    ##.....


Dungeon Overview and Level Annotations

Branches:
Dungeon (11/15)            Temple (0/1) D:4
   Lair: D:8-11         Orc: D:9-12

Shops:
D:5 (

Annotations:
D:9 Gastronok


Innate Abilities, Weirdness & Mutations

You have an increased reservoir of magic. (+10% MP)


Message History

You slice the phantom!!
The phantom is almost destroyed.
The phantom misses you.
You slash the phantom!
You destroy the phantom!
You open the door.
Found a stone staircase leading down.
Eat one of 13 chunks of flesh? (ye/n/q)
You eat one of the 13 chunks of flesh.
This raw flesh tastes terrible.
There is an open door here.
There is a stone staircase leading down here.
You climb downwards.
A bullfrog, a black bear, a jelly and a skeleton come into view.
Found 15 gold pieces.
There is a stone staircase leading up here.
The helpless bullfrog fails to defend itself.
You shred the bullfrog!!!
You kill the bullfrog!
Your Spellcasting skill increases to level 4!
Casting: Blade Hands
Confirm with . or Enter, or press ? or * to list all spells.
You create 3 snakes!
You now have 177 arrows.
The black bear growls angrily.
The jelly quivers.
A bullfrog comes into view.
Your adder bites the centaur warrior skeleton.
You completely miss the centaur warrior skeleton.
You slash the centaur warrior skeleton.
The centaur warrior skeleton is lightly damaged.
The centaur warrior skeleton hits you.
Your adder bites the centaur warrior skeleton. x3
You hit the centaur warrior skeleton.
The centaur warrior skeleton is moderately damaged.
The centaur warrior skeleton closely misses you.
Your adder bites the centaur warrior skeleton. x3
The jelly misses your adder.
You slice the centaur warrior skeleton!!
The centaur warrior skeleton is heavily damaged.
The centaur warrior skeleton hits you.
* * * LOW HITPOINT WARNING * * *
Your adder bites the centaur warrior skeleton.
The bullfrog closely misses your adder.
Your adder bites the centaur warrior skeleton. x2
The black bear barely misses your adder.
The black bear misses your adder. The black bear claws your adder.
The jelly misses your adder.
You strike the helpless centaur warrior skeleton from behind!
You slice the centaur warrior skeleton!!
The centaur warrior skeleton is almost destroyed.
The centaur warrior skeleton hits you but does no damage.
The bullfrog barely misses your adder.
Your adder bites the black bear.
The black bear is poisoned.
Your adder poisons the black bear!
Your adder bites the centaur warrior skeleton.
The centaur warrior skeleton is destroyed!
Your adder looks stronger.
Your adder barely misses the jelly.
The jelly misses your adder.
You hit the black bear.
The black bear is moderately wounded.
The bullfrog closely misses your adder.
Your adder bites the black bear.
The black bear looks even sicker.
Your adder poisons the black bear!
Your adder bites the black bear.
The black bear looks as sick as possible!
Your adder poisons the black bear!
Your adder bites the jelly.
Your adder is burned by acid!
The bullfrog closely misses your adder.
You slash the black bear!
The black bear is almost dead.
The black bear dies!
Your adder looks stronger.
Your adder bites the bullfrog.
Your adder bites the jelly.
Your adder is burned by acid!
Your adder bites the jelly.
Your adder is burned by acid!
The bullfrog barely misses your adder.
You slice the jelly!!
You kill the jelly!
Your adder bites the bullfrog.
The bullfrog is poisoned.
Your adder poisons the bullfrog!
You slash the bullfrog!
The bullfrog is severely wounded.
Your adder bites the bullfrog.
The bullfrog looks as sick as possible!
Your adder poisons the bullfrog!
The bullfrog misses your adder.
Your adder bites the bullfrog. x2
The bullfrog dies!
Your adder looks stronger.
A two-headed ogre comes into view. It is wielding two giant clubs.
The two-headed ogre shouts in stereo!
Casting: Sticks to Snakes
Confirm with . or Enter, or press ? or * to list all spells.
You create a snake!
You now have 176 arrows.
A porcupine comes into view.
The porcupine bites the fungus.
Something hits the plant.
The porcupine bites the fungus!
You hit the two-headed ogre but do no damage.
Your adder bites the two-headed ogre but does no damage.
The porcupine bites the fungus!
The two-headed ogre hits you with a giant club.
* * * LOW HITPOINT WARNING * * *
The two-headed ogre hits you with a giant club!!
You die...

..# .......##
........##
.........##
..........##
P.P........##
P...$.......#
PP.....S...<#
rPP...O@S...#
PPP....SS..†#
..P.........#
P...P......##
..........##
P..P.....##
.P......##
.P.....##


You could see a two-headed ogre, a porcupine and 4 friendly adders.

Vanquished Creatures
  2 two-headed ogres
  Pikel (D:8)
  Prince Ribbit (D:7)
  Sigmund (D:5)
  A hungry ghost (D:8)
  A slave (D:8)
  An eye of draining (D:4)
  A sky beast (D:7)
  2 ice beasts
  2 phantoms
  A black bear (D:8)
  5 ogres
  6 centaurs
  2 big kobolds
  4 bullfrogs
  4 scorpions
  3 wights (D:6)
  4 crimson imps
  A bullfrog zombie (D:5)
  A bullfrog skeleton (D:4)
  3 hounds
  A jelly (D:11)
  2 gnoll shamans (D:7)
  2 orc priests
  3 iguanas
  2 orc wizards
  A centaur skeleton (D:8)
  9 worker ants
  A hound zombie (D:8)
  2 worker ant zombies
  Robin (D:3)
  9 adders
  6 gnolls (D:7)
  2 shadow imps (D:8)
  2 oozes
  4 worms
  A dart slug (D:3)
  4 leopard geckos
  15 orcs
  4 ball pythons
  10 giant cockroaches
  14 goblins
  6 hobgoblins
  12 jackals
  9 kobolds
  2 quokkas
  6 bats
  3 frilled lizards
  7 rats
187 creatures vanquished.

Vanquished Creatures (collateral kills)
  A centaur skeleton (D:11)
  An eye of draining (D:4)
  A black bear (D:11)
  A bullfrog (D:11)
  A scorpion (D:4)
  A wight (D:6)
  A crimson imp (D:6)
  An orc priest (D:4)
  A worker ant zombie (D:7)
  An adder (D:2)
  A worm (D:2)
  An orc (D:4)
  A bat (D:2)
  2 hobgoblins (D:2)
  A quokka (D:2)
16 creatures vanquished.

Vanquished Creatures (others)
  An ogre (D:8)
  A plant (D:4)
2 creatures vanquished.

Grand Total: 205 creatures vanquished

Notes
Turn   | Place    | Note
-------+----------+-------------------------------------------
     0 | D:1      | tidbits the Demigod Transmuter began the quest for the Orb.
     0 | D:1      | Reached XP level 1. HP: 15/15 MP: 5/5
    46 | D:1      | Reached skill level 3 in Unarmed Combat
    95 | D:1      | Reached XP level 2. HP: 12/22 MP: 5/7
    99 | D:1      | Learned a level 2 spell: Sticks to Snakes
   495 | D:3      | Reached XP level 3. HP: 22/27 MP: 5/8
   754 | D:3      | Reached skill level 2 in Spellcasting
   759 | D:3      | Learned a level 3 spell: Spider Form
   794 | D:2      | Reached skill level 2 in Transmutations
   857 | D:3      | Noticed Robin
   914 | D:3      | Killed Robin
   969 | D:3      | Reached skill level 1 in Fighting
  1017 | D:4      | Noticed an ogre
  1068 | D:3      | Reached skill level 2 in Dodging
  1068 | D:3      | Reached XP level 4. HP: 28/35 MP: 9/9
  1229 | D:4      | Noticed an ogre
  1242 | D:4      | HP: 2/36 [orc priest/divine providence (12)]
  1320 | D:3      | Found an opulent altar of Gozag.
  1329 | D:3      | Reached skill level 2 in Fighting
  1426 | D:4      | Found a staircase to the Ecumenical Temple.
  1472 | D:4      | Reached XP level 5. HP: 30/41 MP: 5/10
  1491 | D:4      | Reached skill level 3 in Dodging
  1566 | D:4      | Reached skill level 3 in Fighting
  1578 | D:5      | Entered Level 5 of the Dungeon
  1591 | D:5      | Reached skill level 4 in Unarmed Combat
  1640 | D:5      | Reached XP level 6. HP: 32/51 MP: 2/11
  1672 | D:5      | Noticed Sigmund
  1823 | D:5      | Killed Sigmund
  1823 | D:5      | Reached skill level 5 in Unarmed Combat
  1937 | D:5      | Got a bloodstained leather armour
  1948 | D:5      | Identified the +2 leather armour of Day {rElec rPois rC+ MR-} (You found it on level 5 of the Dungeon)
  1976 | D:4      | Reached XP level 7. HP: 43/57 MP: 4/13
  2075 | D:5      | Reached skill level 6 in Unarmed Combat
  2085 | D:5      | Found a sacrificial altar of Ru.
  2166 | D:5      | Found a glowing drain.
  2170 | Sewer    | Entered a sewer
  2310 | Sewer    | Reached skill level 3 in Transmutations
  2583 | D:4      | Found a hide-covered altar of Uskayaw.
  2585 | D:4      | Found an iron altar of Okawaru.
  2587 | D:4      | Found a snail-covered altar of Cheibriados.
  2806 | D:6      | Reached skill level 7 in Unarmed Combat
  2806 | D:6      | Reached skill level 4 in Transmutations
  2871 | D:5      | Found Tugya's Antique Weapon Shoppe.
  2952 | D:6      | Reached XP level 8. HP: 41/63 MP: 9/14
  3100 | D:6      | Found an opulent altar of Gozag.
  3306 | D:6      | Reached skill level 5 in Transmutations
  3415 | D:7      | Noticed Prince Ribbit
  3451 | D:8      | Noticed a hippogriff
  3466 | D:7      | Killed Prince Ribbit
  3466 | D:7      | Reached skill level 8 in Unarmed Combat
  3475 | D:7      | HP: 4/63 [gnoll/spear (6)]
  3557 | D:5      | Reached skill level 6 in Transmutations
  3651 | D:4      | Found a bloodstained altar of Trog.
  3879 | D:8      | Noticed a two-headed ogre
  3923 | D:7      | Reached XP level 9. HP: 36/69 MP: 8/15
  4070 | D:7      | Found a stormy altar of Qazlal.
  4070 | D:7      | Found an ancient bone altar of Kikubaaqudgha.
  4071 | D:7      | Found a shimmering altar of Xom.
  4125 | D:7      | Reached skill level 9 in Unarmed Combat
  4266 | D:7      | Reached skill level 7 in Transmutations
  4431 | D:8      | Killed a two-headed ogre
  4431 | D:8      | Reached skill level 8 in Transmutations
  4494 | D:8      | Learned a level 5 spell: Blade Hands
  4695 | D:8      | Noticed Pikel
  4704 | D:8      | Killed Pikel
  4704 | D:8      | Reached skill level 4 in Dodging
  4704 | D:8      | Reached skill level 10 in Unarmed Combat
  4704 | D:8      | Reached XP level 10. HP: 31/78 MP: 10/16
  4709 | D:8      | HP: 6/78 [ogre/giant club (26)]
  4783 | D:9      | Noticed Gastronok
  4812 | D:10     | Entered Level 10 of the Dungeon
  4863 | D:10     | Noticed a two-headed ogre
  4879 | D:10     | Killed a two-headed ogre
  4879 | D:10     | Reached skill level 3 in Spellcasting
  4960 | D:11     | Reached skill level 4 in Spellcasting
  4973 | D:11     | Noticed a two-headed ogre
  4977 | D:11     | Slain by a two-headed ogre

Skill      XL: |  1  2  3  4  5  6  7  8  9 10 |
---------------+-------------------------------+-----
Unarmed Combat | 3 4 5 7 8 10 | 10.0
Spellcasting   | 2 4 |  4.7
Transmutations | 2 4 6 8 |  8.4
Fighting       | 1 2 3 |  3.8
Dodging        | 2 3 4 |  4.2

Action                   |  1- 3 |  4- 6 |  7- 9 | 10-12 || total
-------------------------+-------+-------+-------+-------++-------
Melee: Unarmed           |    88 |    43 |   290 |    23 ||   444
       Headbutt          |     5 |       |       |       ||     5
       Punch             |     4 |     1 |     2 |     1 ||     8
       Kick              |     2 |       |       |       ||     2
       Dagger            |    18 |    66 |    40 |       ||   124
Throw: Tomahawk          |     3 |       |       |       ||     3
 Cast: Beastly Appendage |    13 |       |       |       ||    13
       Sticks to Snakes  |    10 |    15 |    17 |     6 ||    48
       Spider Form       |     3 |     6 |    39 |     2 ||    50
       Blade Hands       |       |       |     2 |     3 ||     5
Evoke: Wand              |       |       |     2 |       ||     2
  Use: Potion            |       |     2 |     1 |       ||     3
       Scroll            |       |     1 |    10 |       ||    11
 Stab: Sleeping          |     4 |     2 |     6 |     1 ||    13
       Distracted        |       |       |       |     1 ||     1
  Eat: Chunk             |     2 |     5 |    14 |     3 ||    24
       Royal jelly       |       |       |     1 |       ||     1
Armor: Robe              |    11 |    13 |       |     2 ||    26
       Skin              |     1 |     1 |     3 |       ||     5
       Leather armour    |       |       |    17 |       ||    17
Dodge: Dodged            |    58 |    84 |   229 |    11 ||   382

Table legend:
 A = Turns spent in this place as a percentage of turns spent in the entire game.
 B = Non-inter-level travel turns spent in this place as a percentage of non-inter-level travel turns spent in the entire game.
 C = Inter-level travel turns spent in this place as a percentage of turns spent in this place.
 D = Turns resting spent in this place as a percentage of non-inter-level travel turns spent in this place.
 E = Turns spent auto-exploring this place as a percentage of non-inter-level travel turns spent in this place.
 F = Non-inter-level travel turns spent in this place divided by the number of levels of this place that you've seen.
                   A       B       C       D       E      F
               +-------+-------+-------+-------+-------+----------------------
         Total | 100.0 | 100.0 |   0.2 |   0.0 |   0.0 | 395.7
       Dungeon |  96.7 |  96.7 |   0.2 |   0.0 |   0.0 | 417.5
         Sewer |   3.3 |   3.3 |   0.0 |   0.0 |   0.0 | 156.0
               +-------+-------+-------+-------+-------+----------------------

Table legend:
 A = Kills in this place as a percentage of kills in entire the game.
 B = Kills by you in this place as a percentage of kills by you in the entire game.
 C = Kills by friends in this place as a percentage of kills by friends in the entire game.
 D = Other kills in this place as a percentage of other kills in the entire game.
 E = Experience gained in this place as a percentage of experience gained in the entire game.
 F = Experience gained in this place divided by the number of levels of this place that you have seen.
                   A       B       C       D       E      F
               +-------+-------+-------+-------+-------+----------------------
         Total | 100.0 | 100.0 | 100.0 | 100.0 | 100.0 | 705.8
       Dungeon |  95.1 |  94.6 | 100.0 | 100.0 |  98.3 | 756.6
         Sewer |   4.9 |   5.4 |   0.0 |   0.0 |   1.7 | 147.0
               +-------+-------+-------+-------+-------+----------------------

Vault maps used:
D:1:      dpeg_arrival_water_temple_mockup, serial_bayou_lagoon_a
D:3:      nicolae_gozag_cash_rules_everything_around_me, lemuel_flame_loot_1,
          uniq_robin
D:4:      trog_eyes_of_draining, grunt_temple_overflow_diamond,
          minmay_temple_entry_overgrown, first_bread
D:5:      nicolae_overflow_crystal_walls, serial_shops, shop,
          gup_sewer_entry_spiral, minmay_misc_feat_tower, uniq_sigmund
D:6:      basic_altar
D:7:      gammafunk_temple_overflow_claw, uniq_prince_ribbit1
D:8:      uniq_pikel
D:9:      lemuel_doored_altar, kennysheep_mini, enter_bailey_3,
          minmay_hedge_maze, uniq_gastronok
D:11:     due_lair_maze_entry_diamond, david_orc_5
Sewer:    sewer_co_15_rooms
